 Dungeon Crawl Stone Soup version 0.24.0-1-gfbc8707 (webtiles) character file.

Game seed: 13189867515887180629, levelgen mode: deterministic

43 Kallandras the Caller (level 3, 19/19 HPs)
             Began as a Deep Elf Summoner on Oct 29, 2019.
             Got out of the dungeon alive.
             The game lasted 00:08:46 (1562 turns).

Kallandras the Caller (Deep Elf Summoner)           Turns: 1562, Time: 00:08:46

Health: 19/19      AC:  4    Str:  5    XL:     3   Next: 37%
Magic:  10/10      EV: 13    Int: 20    God:
Gold:   89         SH:  0    Dex: 15    Spells: 9/10 levels left

rFire    . . .     SeeInvis .   k - +2 whip (venom)
rCold    . . .     Gourm    .   (no shield)
rNeg     . . .     Faith    .   a - +1 robe
rPois    .         Spirit   .   j - +0 helmet
rElec    .         Reflect  .   (no cloak)
rCorr    .         Harm     .   (no gloves)
MR       .....                  (no boots)
Stlth    +.........             (no amulet)
HPRegen  0.06/turn              b - ring of attention
MPRegen  0.12/turn              (no ring)

@: no status effects
A: no striking features
a: no special abilities


You escaped.
You were hungry.

You visited 1 branch of the dungeon, and saw 2 of its levels.

You collected 89 gold pieces.

Inventory:

Hand Weapons
 k - a +2 whip of venom (weapon)
Armour
 a - a +1 robe (worn)
 j - a +0 helmet (worn)
Jewellery
 b - a ring of attention (left hand)
Scrolls
 f - a scroll of teleportation
 h - 2 scrolls of remove curse
 i - 2 scrolls of enchant weapon
Potions
 e - a potion of invisibility {unknown}
 g - a potion of heal wounds {unknown}
Comestibles
 c - 4 rations


   Skills:
 - Level 2.4 Dodging
 - Level 2.4 Stealth
 + Level 4.3 Spellcasting
 + Level 5.1 Summonings


You had 9 spell levels left.
You knew the following spells:

 Your Spells              Type           Power        Failure   Level  Hunger
a - Summon Small Mammal   Summ           ###.         1%          1    None

Your spell library contained the following spells:

 Spells                   Type           Power        Failure   Level  Hunger
 Call Imp                 Summ           ###.....     2%          2    #......
 Call Canine Familiar     Summ           ###.....     4%          3    ###....
 Summon Guardian Golem    Hex/Summ       ##......     13%         3    ###....
 Summon Ice Beast         Ice/Summ       ##......     41%         4    ####...
 Summon Lightning Spire   Summ/Air       ##......     41%         4    ####...


Dungeon Overview and Level Annotations

Branches:
Dungeon (2/15)

Altars:
Elyvilon
Fedhas


Message History

You now have 89 gold pieces (gained 14).
You see here a worm corpse.
Your quokka disappears in a puff of smoke!
You swap places.
Your quokka disappears in a puff of smoke!
Found a blossoming altar of Fedhas.
Unknown command.
Unknown command.
You can't go up here!
Found 17 gold pieces and a ruby potion.
Found a stone staircase leading down.
Your quokka disappears in a puff of smoke!
You see here a +0 club.
There is an escape hatch in the ceiling here.
A mysterious force pulls you upwards. The hatch slams shut behind you.
There is an open door here.
There is an open door here.
There is a staircase leading out of the dungeon here.
Are you sure you want to leave the Dungeon?
This will make you lose the game!
You have escaped!

#.# #####.###########..... # #.#
####.........#### #..... ####.#
##...#########...## #.....
#.##.###.####§≈≈≈≈≈≈####.###.....
...#.##.## #§≈...≈≈# ##.##.....
#.##.##.# #.......# #.##..###
.....#.#########'#########.#..#
#.#..#.#..#...........#..#.#..#
...#.#.'..'.....@.....+..'.#..#
#.##.#.#..#...........#..#.#..#
.....#.#########+#########.#.####
#)#..##.# #..§...§# #.##.....
......#.## #≈≈§.§§§# ##.#..####
.†..#.##.####§≈§≈≈≈≈####.##..#...
....#.(##...####§####...##.......
....##..####....§....####..#.#.#.
#...###....#####.#####.....#.#.#.


There were no monsters in sight!

Vanquished Creatures
  An adder (D:2)
1 creature vanquished.

Vanquished Creatures (collateral kills)
  An adder (D:2)
  A worm (D:2)
  3 leopard geckos
  2 giant cockroaches
  4 goblins
  4 hobgoblins (D:1)
  5 jackals (D:1)
  A quokka (D:2)
  5 bats
  A frilled lizard (D:2)
  3 kobolds
  8 rats
38 creatures vanquished.

Grand Total: 39 creatures vanquished

Notes
Turn   | Place    | Note
-------+----------+-------------------------------------------
     0 | D:1      | Kallandras the Deep Elf Summoner began the quest for the
                  | Orb.
     0 | D:1      | Reached XP level 1. HP: 10/10 MP: 6/6
   345 | D:1      | Reached XP level 2. HP: 6/15 MP: 0/8
  1104 | D:2      | Reached XP level 3. HP: 19/19 MP: 8/10
  1315 | D:2      | Reached skill level 5 in Summonings
  1421 | D:2      | Found a white marble altar of Elyvilon.
  1467 | D:2      | Found a blossoming altar of Fedhas.
  1562 | D:$      | Got out of the dungeon alive.

Levels and vault maps discovered:
D:1:      dpeg_arrival_yet_another_circle, layout_basic, st_stairs_9
D:2:      layout_basic, elyvilon_altar_3, old_standard_altar,
          minmay_splitting_lines

Skill      XL: |  1  2  3 |
---------------+----------+-----
Spellcasting   | 4 |  4.3
Summonings     | 5 |  5.1
Dodging        | |  2.4
Stealth        | |  2.4

Action                   || total
-------------------------++-------
Melee: Unarmed           ||     6
       Club              ||     5
       Whip              ||     3
 Cast: Summon Small Mamm ||    61
  Use: Scroll            ||     5
 Stab: Sleeping          ||     2
       Distracted        ||     1
  Eat: Chunk             ||     1
Armor: Robe              ||    11
Dodge: Dodged            ||    30
